 Dungeon Crawl Stone Soup version 0.23.0 (webtiles) character file.

Game seed: 11638871390214819485

564891 Jatast the Slayer (level 26, -6/256 HPs)
             Began as a Gargoyle Fighter on Feb 12, 2019.
             Was the Champion of Okawaru.
             Mangled by Uneq the pandemonium lord (32 damage)
             ... on level 2 of the Realm of Zot on Feb 13, 2019.
             The game lasted 02:51:03 (60733 turns).

Jatast the Slayer (Gargoyle Fighter)               Turns: 60733, Time: 02:51:03

Health: -6/256     AC: 49    Str: 24 (26) XL:     26   Next: 76%
Magic:  24/42      EV: 29    Int: 21 (25) God:    Okawaru [******]
Gold:   5468       SH: 33    Dex: 24 (25) Spells: 34/41 levels left

rFire    + . .     SeeInvis +   l - +2 eveningstar "Eheyna Varin" {vamp, MR+ Str+4 Int+5}
rCold    + + .     Gourm    .   c - +1 large shield {rPois}
rNeg     + + +     Faith    .   M - +9 scale mail "Seiq" {rCorr Str-3 Int+2 Dex+10}
rPois    ∞         Spirit   .   N - +2 helmet {SInv}
rElec    +         Reflect  +   Y - scarf {rC+ rF+}
rCorr    +         Harm     .   T - +0 pair of gloves "Vanta" {rN+ Str-4 Dex+4 Slay+3}
MR       ++++.     Rnd*Rage +   Z - +1 pair of boots of Gluttony {rC+ Int+3}
Stlth    ..........             C - +4 amulet of reflection
HPRegen  0.52/turn              G - ring of protection from magic
MPRegen  0.28/turn              r - ring of the Circus Animal {+Blink rN+ MR+}

@: berserking, heroism, flying, very quick
A: big wings, talons 1, thin skeletal structure 1, berserk 1, deterioration 1,
frail 1, high mp 2, negative energy resistance 1, screaming 2, electricity
resistance, weak 1, unbreathing, petrification resistance, rot immunity, AC +20
0: Orb of Zot
}: 3/15 runes: barnacled, slimy, gossamer
a: Stop Flying, Heroism, Finesse, Renounce Religion, Evoke Blink


You were on level 2 of the Realm of Zot.
You worshipped Okawaru.
Okawaru was exalted by your worship.
You were very full.

You visited 11 branches of the dungeon, and saw 52 of its levels.
You also visited: Ossuary.

You collected 6459 gold pieces.
You spent 991 gold pieces at shops.

Inventory:

Hand Weapons
 l - the +2 eveningstar "Eheyna Varin" (weapon) {vamp, MR+ Str+4 Int+5}
   (Okawaru gifted it to you on level 12 of the Dungeon)

   It inflicts no extra harm, but heals its wielder when it wounds a living foe.
   It affects your strength (+4).
   It affects your intelligence (+5).
   It affects your resistance to hostile enchantments.
 K - a +9 demon whip of electrocution
Missiles
 B - 40 javelins (quivered)
 V - 4 throwing nets
 W - 20 javelins of penetration
Armour
 c - a +1 large shield of poison resistance (worn)
 j - +0 gold dragon scales
 M - the +9 scale mail "Seiq" (worn) {rCorr Str-3 Int+2 Dex+10}
   (Okawaru gifted it to you on level 2 of the Vaults)

   It affects your strength (-3).
   It affects your intelligence (+2).
   It affects your dexterity (+10).
   It provides partial protection from all sources of acid and corrosion.
 N - a +2 helmet of see invisible (worn)
 T - the +0 pair of gloves "Vanta" (worn) {rN+ Str-4 Dex+4 Slay+3}
   (Okawaru gifted it to you on level 14 of the Dungeon)

   It affects your strength (-4).
   It affects your dexterity (+4).
   It affects your accuracy and damage with ranged weapons and melee attacks
   (+3).
   It protects you from negative energy.
 Y - a scarf of resistance (worn)
 Z - the +1 pair of boots of Gluttony (worn) {rC+ Int+3}
   (Okawaru gifted it to you on level 1 of the Shoals)

   It affects your intelligence (+3).
   It protects you from cold.
Jewellery
 r - the ring of the Circus Animal (right hand) {+Blink rN+ MR+}
   (You bought it in a shop on level 2 of the Orcish Mines)

   [ring of protection from magic]

   It protects you from negative energy.
   It affects your resistance to hostile enchantments.
   It lets you blink.
 s - an uncursed ring of protection from cold
 v - an uncursed ring of fire
 C - a +4 amulet of reflection (around neck)
 G - a ring of protection from magic (left hand)
 J - an uncursed ring of protection from magic
Wands
 q - a wand of acid (19)
 H - a wand of clouds (5)
 I - a wand of flame (30)
 O - a wand of disintegration (13)
 P - a wand of iceblast (49)
 R - a wand of digging (6)
Scrolls
 b - 9 scrolls of fog
 k - 5 scrolls of magic mapping
 n - 14 scrolls of teleportation
 o - 10 scrolls of fear
 u - 17 scrolls of remove curse
 w - 8 scrolls of amnesia
 x - 2 scrolls of summoning
 y - a scroll of blinking
 E - 3 scrolls of enchant weapon
 F - 18 scrolls of identify
 L - 12 scrolls of enchant armour
 U - 8 scrolls of immolation
Potions
 a - 4 potions of brilliance
 d - 3 potions of might
 e - 8 potions of curing
 h - 4 potions of resistance
 m - a potion of cancellation {unknown}
 p - 5 potions of magic
 t - 3 potions of haste
 z - 4 potions of ambrosia
 S - 5 potions of agility
Miscellaneous
 A - a phantom mirror
Comestibles
 f - 71 rations


   Skills:
 + Level 26.3(27) Fighting
 + Level 14.5(19.5) Maces & Flails
 - Level 12.0(17.0) Throwing
 - Level 15.0(20.0) Armour
 - Level 15.0(20.0) Dodging
 + Level 22.4(27) Shields
 - Level 8.0 Spellcasting
 - Level 10.0 Earth Magic
 - Level 7.0 Invocations
 - Level 5.0 Evocations


You had 34 spell levels left.
You knew the following spells:

 Your Spells              Type           Power        Failure   Level  Hunger
a - Lee's Rapid Deconstr  Erth           ######....   6%          5    #####..
b - Passwall              Tmut/Erth      ####....     2%          2    None

Your spell library contained the following spells:

 Spells                   Type           Power        Failure   Level  Hunger
 Sandblast                Erth           ######       1%          1    None
 Stone Arrow              Conj/Erth      ####..       4%          3    None
 Animate Skeleton         Necr           N/A          13%         1    None
 Apportation              Tloc           #.....       13%         1    None
 Confusing Touch          Hex            #.....       13%         1    None
 Flame Tongue             Conj/Fire      #....        13%         1    None
 Magic Dart               Conj           #...         13%         1    None
 Shock                    Conj/Air       #...         13%         1    None
 Summon Butterflies       Summ           #.......     13%         1    None
 Summon Small Mammal      Summ           #...         13%         1    None
 Leda's Liquefaction      Hex/Erth       ####......   17%         4    ###....
 Petrify                  Tmut/Erth      ####....     17%         4    ###....
 Blink                    Tloc           N/A          21%         2    None
 Call Imp                 Summ           #.......     21%         2    None
 Corpse Rot               Necr           N/A          21%         2    None
 Ensorcelled Hibernation  Hex/Ice        #.....       21%         2    None
 Searing Ray              Conj           #.....       21%         2    None
 Shroud of Golubria       Chrm/Tloc      #.........   21%         2    None
 Slow                     Hex            #.......     21%         2    None
 Swiftness                Chrm/Air       #.......     21%         2    None
 Throw Flame              Conj/Fire      #.....       21%         2    None
 Throw Frost              Conj/Ice       #.....       21%         2    None
 Confuse                  Hex            #.......     36%         3    None
 Conjure Flame            Conj/Fire      #.......     36%         3    None
 Dazzling Spray           Conj/Hex       #.....       36%         3    None
 Gell's Gravitas          Tloc           #.........   36%         3    None
 Ignite Poison            Fire/Tmut/Pois #.......     36%         3    None
 Inner Flame              Hex/Fire       #.......     36%         3    None
 Lesser Beckoning         Tloc           #.........   36%         3    None
 Mephitic Cloud           Conj/Pois/Air  #.......     36%         3    None
 Recall                   Summ/Tloc      N/A          36%         3    None
 Spectral Weapon          Hex/Chrm       #.......     36%         3    None
 Static Discharge         Conj/Air       #.......     36%         3    None
 Teleport Other           Tloc           #.......     36%         3    None
 Tukima's Dance           Hex            #.......     36%         3    None
 Borgnjor's Vile Clutch   Necr/Erth      ####......   43%         5    #####..
 Bolt of Magma            Conj/Fire/Erth ###.......   67%         5    #####..
 Airstrike                Air            #.........   78%         4    ###....
 Animate Dead             Necr           N/A          78%         4    ###....
 Force Lance              Conj/Tloc      #.......     78%         4    ###....
 Fulminant Prism          Conj/Hex       #.........   78%         4    ###....
 Iskenderun's Mystic Bla  Conj           #.......     78%         4    ###....
 Sticky Flame             Conj/Fire      #.......     78%         4    ###....
 Summon Ice Beast         Ice/Summ       #.......     78%         4    ###....
 Iron Shot                Conj/Erth      ####......   95%         6    ######.
 Alistair's Intoxication  Tmut/Pois      #.......     98%         5    #####..
 Aura of Abjuration       Summ           #.........   98%         5    #####..
 Fireball                 Conj/Fire      #.........   98%         5    #####..
 Irradiate                Conj/Tmut      #.........   98%         5    #####..
 Iskenderun's Battlesphe  Conj/Chrm      #.......     98%         5    #####..
 Lightning Bolt           Conj/Air       #.........   98%         5    #####..
 Metabolic Englaciation   Hex/Ice        #.........   98%         5    #####..
 Summon Demon             Summ           #.........   98%         5    #####..
 Summon Forest            Summ/Tloc      #.........   98%         5    #####..
 Summon Mana Viper        Hex/Summ       #.......     98%         5    #####..
 Venom Bolt               Conj/Pois      #.........   98%         5    #####..
 Yara's Violent Unravell  Hex/Tmut       #.........   98%         5    #####..
 Bolt of Fire             Conj/Fire      #.........   100%        6    ######.
 Death Channel            Necr           #.........   100%        6    ######.
 Hydra Form               Tmut           #.........   100%        6    ######.
 Invisibility             Hex            #.......     100%        6    ######.
 Poison Arrow             Conj/Pois      #.........   100%        6    ######.
 Shadow Creatures         Summ           N/A          100%        6    ######.
 Simulacrum               Ice/Necr       #.........   100%        6    ######.
 Dragon Form              Tmut           #.........   100%        7    #######
 Orb of Destruction       Conj           #.........   100%        7    #######
 Ring of Flames           Chrm/Fire      #.........   100%        7    #######
 Spellforged Servitor     Conj/Summ      #.........   100%        7    #######
 Summon Hydra             Summ           #.........   100%        7    #######
 Chain Lightning          Conj/Air       #.........   100%        8    #######
 Ignition                 Fire           #.........   100%        8    #######
 Lehudib's Crystal Spear  Conj/Erth      ####......   100%        8    #######
 Fire Storm               Conj/Fire      #.........   100%        9    #######
 Glaciate                 Conj/Ice       #.........   100%        9    #######
 Sublimation of Blood     Necr           Unusable     N/A         2    N/A
 Passage of Golubria      Tloc           Unusable     N/A         4    N/A
 Statue Form              Tmut/Erth      Unusable     N/A         6    N/A

Dungeon Overview and Level Annotations

Branches:
Dungeon (15/15)            Temple (1/1) D:6            Lair (6/6) D:9
 Shoals (4/4) Lair:4       Spider (4/4) Lair:3        Slime (5/5) Lair:5
    Orc (2/2) D:11            Elf (1/3) Orc:2        Vaults (4/5) D:13
  Crypt (0/3) Vaults:2     Depths (5/5) D:15            Zot (5/5) Depths:5

Altars:
Ashenzari
Cheibriados
Dithmenos
Elyvilon
Fedhas
Gozag
Hepliaklqana
Kikubaaqudgha
Makhleb
Nemelex Xobeh
Okawaru
Qazlal
Ru
Sif Muna
Trog
Uskayaw
Vehumet
Wu Jian
Xom
Yredelemnul
Zin
The Shining One
Jiyva

Shops:
D:8 [   D:14 [   D:15 *   Orc:2 =(?(   Elf:1 }}=   Vaults:1 [   Vaults:3 *
Vaults:4 (   Depths:1 =

Portals:
Hell: Depths:1 Depths:2 Depths:3 Depths:4 Depths:5
Abyss: Depths:4
Pandemonium: Depths:3 Depths:5
Ziggurat: Depths:4

Annotations:
D:14 exclusion: oklob plant
Depths:4 exclusion: downstairs
Zot:5 exclusion: obsidian statue


Innate Abilities, Weirdness & Mutations

You are resistant to torment.
Your stone body is resilient. (AC +20)
You are immune to poison.
Your large and strong wings let you fly indefinitely.
You resist negative energy. (rN+)
You are resistant to electric shocks. (rElec)
You can survive without breathing.
You are immune to petrification.
You are immune to rotting.
You have sharp toenails.
You have a somewhat thin skeletal structure. (Dex +2, Stealth)
You tend to lose your temper in combat.
Your body sometimes deteriorates upon taking damage.
You are frail. (-10% HP)
You have a considerably increased reservoir of magic. (+20% MP)
You sometimes yell uncontrollably at your foes.
You are weak. (Str -2)


Message History

You feel better. You block Uneq's attack. Uneq hits you!
* * * LOW HITPOINT WARNING * * *
You bludgeon Uneq!!
Uneq is heavily wounded.
You block Uneq's attack.
You puncture Uneq!
Uneq is heavily wounded.
Okay, then.
A red film seems to cover your vision as you go berserk!
Your finesse ends abruptly.
You feel yourself moving faster!
You feel mighty! You block Uneq's attack. x2
You bludgeon Uneq!!
Uneq is severely wounded.
You closely miss Uneq.
Uneq is severely wounded.
You block Uneq's attack.
You miss Uneq.
Uneq is severely wounded.
Uneq hits you!!
You die...

####.#### .......
#. ..... ######.
#...# #...... #...#
..... #...###
....#####....######
#................#
#.........@&......
#..<....)........#
#.....##)####...##
#...####)# ...#
#...####.## ###
#......)..#
#....)....#
#.........#
#.....##...#...#


You could see Uneq.

Vanquished Creatures
  the Royal Jelly (Slime:5)
  An ancient lich (Zot:5)
  2 orbs of fire (Zot:5)
  Sojobo (Depths:1)
  Frederick (Vaults:2)
  2 Killer Klowns (Zot:5)
  Saint Roka (Vaults:2)
  Xtahua (Depths:3)
  3 caustic shrikes
  5 golden dragons
  A pearl dragon (Depths:4)
  2 electric golems
  4 tentacled monstrosities
  The ghost of asdu the Brawler, an adept OgTm of Dithmenos (Shoals:3)
  2 quicksilver dragons
  15 Orb Guardians (Zot:5)
  Asterion (Vaults:2)
  4 liches
  2 titans (Depths:2)
  24 acid blobs
  2 death cobs
  6 sphinxes
  Polyphemus (Shoals:2)
  Gastronok (D:9)
  5 shadow dragons
  2 ancient champions (Vaults:2)
  Ilsuiw (Shoals:4)
  7 tengu reavers
  2 storm dragons
  3 draconian monks
  12 azure jellies
  10 frost giants
  An iron dragon (Depths:2)
  5 deep elf sorcerers
  2 ghost moths (Spider:4)
  3 draconian knights
  An orc warlord (Depths:2)
  12 fire giants
  4 emperor scorpions (Spider:4)
  11 vault wardens
  2 draconian scorchers (Depths:5)
  4 draconian shifters
  A cacodemon (Depths:5)
  3 draconian stormcallers
  14 ironheart preservers
  6 spriggan defenders
  3 draconian annihilators
  22 very ugly things
  A ghoul (Vaults:3)
  14 stone giants
  4 vampire knights
  4 black draconians
  3 green draconians
  5 yellow draconians
  2 entropy weavers
  5 dire elephants (Depths:3)
  9 red draconians
  The ghost of Ribudoz the Blocker, a journeyman GnFi of Okawaru (Lair:5)
  4 white draconians
  5 deep elf annihilators
  4 deep elf demonologists
  6 purple draconians
  13 spark wasps
  4 merfolk javelineers
  11 ettins
  A blizzard demon (Zot:4)
  13 death oozes
  4 deep elf death magi
  Josephine (Orc:1)
  11 merfolk impalers
  6 yaktaur captains
  9 fire dragons
  3 deep elf high priests
  10 ice dragons
  A monstrous demonspawn (Depths:5)
  2 hydras (Lair:6)
  10 great orbs of eyes
  6 rakshasas
  A hell beast (Depths:3)
  4 spriggan air magi
  Erolcha (D:12)
  10 vault guards
  8 merfolk aquamancers
  4 catoblepae
  11 centaur warriors
  16 ogre magi
  A two-headed ogre (shapeshifter) (Depths:4)
  7 dancing weapons
  4 merfolk avatars
  2 satyrs (Shoals:4)
  59 two-headed ogres
  The ghost of tv1990 the Cleaver, a novice FoMo of Okawaru (D:9)
  13 deep troll shamans
  3 death knights
  2 hell hogs (Depths:1)
  6 tengu warriors
  An orc high priest (Depths:2)
  8 death yaks
  A vampire mage (D:14)
  7 deep troll earth magi
  2 spriggan berserkers (Depths:2)
  2 titan zombies (D:15)
  5 deep elf knights
  A titan skeleton (Vaults:4)
  2 skeletal warriors
  A sixfirhy (Depths:5)
  5 iron trolls
  3 unseen horrors
  25 deep trolls
  A death drake (shapeshifter) (Depths:2)
  2 torturous demonspawn (Depths:3)
  3 flayed ghosts
  A gelid demonspawn (Depths:3)
  6 glowing orange brains
  14 sea snakes
  5 wizards
  6 deep elf archers
  A phantasmal warrior (Vaults:3)
  11 harpies
  14 orc knights
  A wolf spider zombie (D:15)
  A lindwurm (Lair:6)
  20 orb spiders
  9 ironbrand convokers
  6 necromancers
  7 fauns
  A faun (shapeshifter) (Depths:1)
  29 wolf spiders
  7 shining eyes
  14 deep elf magi
  A salamander (Depths:1)
  3 orc sorcerers
  15 manticores
  100 slime creatures
  50 ugly things
  A cyclops (shapeshifter) (Depths:2)
  12 cyclopes
  3 elephants (Lair:6)
  16 moths of wrath
  6 black mambas
  12 merfolk sirens
  A frost giant skeleton (Vaults:4)
  15 vault sentinels
  A gargoyle (D:15)
  2 water nymphs (Shoals:3)
  A smoke demon (Depths:3)
  An ice statue (D:9)
  2 black mambas (shapeshifter)
  A spiny frog (shapeshifter) (Depths:4)
  10 spiny frogs
  4 torpor snails
  2 eyes of devastation
  An orange demon (Depths:5)
  11 komodo dragons
  3 centaur skeletons
  3 kobold demonologists (D:13)
  An elf zombie (D:15)
  7 rime drakes
  A rime drake (shapeshifter) (D:15)
  22 yaktaurs
  An efreet (D:13)
  3 demonic crawlers
  An ice devil (Depths:3)
  A freezing wraith (Vaults:4)
  3 tengu conjurers
  5 human skeletons
  19 jumping spiders
  29 merfolk
  A merfolk (shapeshifter) (Vaults:3)
  A queen bee (Depths:2)
  A meliai (shapeshifter) (Depths:2)
  2 queen bees (shapeshifter)
  2 trolls (shapeshifter)
  5 wind drakes
  A polar bear (Lair:6)
  9 trolls
  A jumping spider (shapeshifter) (D:13)
  13 hornets
  A spriggan zombie (Depths:1)
  19 blink frogs
  A hippogriff (shapeshifter) (Depths:3)
  12 dream sheep
  11 hippogriffs
  A stone giant simulacrum (Vaults:3)
  An air elemental (Elf:1)
  A deep troll zombie (D:15)
  A snapping turtle (shapeshifter) (Vaults:1)
  7 snapping turtles
  13 wraiths
  A flying skull (Vaults:2)
  35 water elementals
  25 tarantellas
  4 spriggans
  71 redbacks
  6 wyverns
  A shadow (D:15)
  A spriggan skeleton (Depths:1)
  An ice dragon skeleton (Depths:1)
  4 basilisks
  37 yaks
  12 vampire mosquitoes
  8 golden eyes
  A chaos spawn (Depths:5)
  2 fire elementals (Elf:1)
  A basilisk (shapeshifter) (Depths:3)
  A death yak simulacrum (Lair:5)
  4 hungry ghosts
  A human simulacrum (Vaults:2)
  5 wargs
  2 soldier ants
  3 hydra simulacra (Lair:5)
  10 hell hounds (Depths:1)
  3 acid dragons
  7 water moccasins
  3 floating eyes
  10 porcupines
  6 ice beasts
  A black bear (shapeshifter) (Vaults:3)
  32 orc warriors
  3 sky beasts
  A black bear (D:12)
  A hornet zombie (D:14)
  2 necrophages (D:12)
  A black mamba simulacrum (Lair:5)
  6 eyes of draining
  3 phantoms
  17 boggarts
  37 ogres
  An elf skeleton (Vaults:4)
  24 centaurs
  15 crocodiles
  6 big kobolds
  A big kobold (shapeshifter) (D:13)
  11 bullfrogs
  An earth elemental (Elf:1)
  A wyvern zombie (D:14)
  2 spiny frog simulacra (Lair:5)
  A wyvern skeleton (D:12)
  A water moccasin skeleton (D:5)
  A dream sheep simulacrum (Lair:5)
  An orc simulacrum (Vaults:1)
  6 scorpions
  43 killer bees
  14 wights
  3 electric eels (D:14)
  4 howler monkeys
  9 crimson imps
  6 centaur zombies
  7 jellies
  3 quasits
  7 hounds
  19 orc wizards
  24 orc priests
  A bullfrog skeleton (D:5)
  An iron imp (Depths:3)
  9 worker ants
  2 iguanas
  4 ogre zombies (Ossuary)
  A big kobold zombie (Ossuary)
  7 mummies (Ossuary)
  A worker ant zombie (D:11)
  16 adders
  2 shadow imps
  2 white imps (Depths:3)
  9 oozes
  9 adder zombies
  4 worms
  2 dart slugs
  3 leopard geckos
  102 orcs
  8 bats
  7 giant cockroaches
  8 goblins
  11 hobgoblins
  8 jackals
  20 kobolds
  3 quokkas
  3 ball pythons
  A frilled lizard (D:4)
  3 goblin zombies (Ossuary)
  5 hobgoblin zombies (Ossuary)
  3 kobold zombies (Ossuary)
  An orc zombie (Ossuary)
  4 quokka zombies
  9 rats
  4 rat zombies (Ossuary)
  2 plants
2096 creatures vanquished.

Vanquished Creatures (collateral kills)
  An orc knight (Orc:2)
  A warg (Vaults:1)
  2 orc warriors (Orc:2)
  An ogre (Vaults:1)
  An orc (Vaults:1)
6 creatures vanquished.

Vanquished Creatures (others)
  A tengu reaver (Depths:5)
  A ghost moth (Spider:4)
  A fire giant (Depths:1)
  An ironheart preserver (Vaults:4)
  A red draconian (Depths:5)
  A merfolk javelineer (Shoals:4)
  A yaktaur captain (Depths:5)
  3 centaur warriors
  4 deep troll earth magi (Depths:5)
  A deep troll shaman (Depths:5)
  A deep elf knight (Elf:1)
  4 deep trolls (Depths:5)
  A tengu zombie (Depths:1)
  3 cyclopes
  3 yaktaurs
  A tengu conjurer (Depths:5)
  7 orc warriors
  A wyvern (D:11)
  A redback (Spider:4)
  A water elemental (Depths:1)
  3 boggarts
  An ogre (Depths:3)
  6 centaurs
  10 orcs
  A kobold (D:11)
  6 fungi
  7 plants
  2 withered plants (D:15)
74 creatures vanquished.

Grand Total: 2176 creatures vanquished

Notes
Turn   | Place    | Note
-------+----------+-------------------------------------------
     0 | D:1      | Jatast the Gargoyle Fighter began the quest for the Orb.
     0 | D:1      | Reached XP level 1. HP: 14/14 MP: 1/1
   101 | D:1      | Reached XP level 2. HP: 19/19 MP: 2/2
   284 | D:1      | Reached XP level 3. HP: 22/24 MP: 3/3
   337 | D:1      | Reached skill level 4 in Fighting
  1219 | D:2      | Reached XP level 4. HP: 30/30 MP: 4/4
  1405 | D:2      | Reached XP level 5. HP: 34/34 MP: 5/5
  1519 | D:2      | Reached skill level 5 in Fighting
  1956 | D:2      | Found a blossoming altar of Fedhas.
  1960 | D:2      | Found a stormy altar of Qazlal.
  2527 | D:3      | Reached XP level 6. HP: 33/40 MP: 6/6
  2766 | D:3      | Found an ancient bone altar of Kikubaaqudgha.
  2766 | D:3      | Found a hazy altar of Hepliaklqana.
  2809 | D:3      | Found a faded altar of an unknown god.
  2812 | D:3      | Found an ornate altar of the Wu Jian Council.
  2813 | D:3      | Found a glowing silver altar of Zin.
  3153 | D:4      | Reached skill level 6 in Fighting
  3195 | D:3      | Reached skill level 5 in Maces & Flails
  3405 | D:4      | Reached XP level 7. HP: 46/47 MP: 7/7
  3825 | D:5      | Entered Level 5 of the Dungeon
  3902 | D:5      | Reached skill level 7 in Fighting
  3962 | D:5      | Found a shadowy altar of Dithmenos.
  3964 | D:5      | Found a white marble altar of Elyvilon.
  3966 | D:5      | Found a hide-covered altar of Uskayaw.
  4021 | D:5      | Found an iron altar of Okawaru.
  4026 | D:5      | Became a worshipper of Warmaster Okawaru
  4332 | D:5      | Reached skill level 1 in Invocations
  4332 | D:5      | Reached XP level 8. HP: 53/53 MP: 8/8
  4525 | D:6      | Reached * piety under Okawaru
  4623 | D:6      | Reached skill level 8 in Fighting
  4712 | D:6      | Got an ancient ring mail
  4723 | D:6      | Identified the cursed +1 ring mail "Sientee" {rElec Str-4
                  | Int+5} (You found it on level 6 of the Dungeon)
  4989 | D:6      | Found a staircase to the Ecumenical Temple.
  5158 | Temple   | Entered the Ecumenical Temple
  5788 | D:7      | Reached XP level 9. HP: 60/60 MP: 10/12
  5804 | D:7      | Found a sand-covered staircase.
  5869 | Ossuary  | Entered an ossuary
  6414 | Ossuary  | Reached skill level 9 in Fighting
  6757 | D:7      | Reached ** piety under Okawaru
  6757 | D:7      | Reached skill level 5 in Invocations
  6858 | D:7      | Found a sacrificial altar of Ru.
  7727 | D:8      | Found a bloodstained altar of Trog.
  7786 | D:8      | Found an opulent altar of Gozag.
  7786 | D:8      | Found a sparkling altar of Nemelex Xobeh.
  7786 | D:8      | You fall through a shaft for 3 floors!
  7825 | D:11     | Reached *** piety under Okawaru
  7825 | D:11     | Received a gift from Okawaru
  7825 | D:11     | Reached XP level 10. HP: 62/68 MP: 14/14
  7872 | D:11     | Reached skill level 10 in Fighting
  7954 | D:11     | Reached skill level 10 in Maces & Flails
  8046 | D:10     | Entered Level 10 of the Dungeon
  8646 | D:8      | Found Tuif's Antique Armour Emporium.
  8830 | D:9      | Found a staircase to the Lair.
  8916 | D:9      | Noticed an ice statue
  8951 | D:9      | Reached **** piety under Okawaru
  9037 | D:9      | Found a runed translucent gate.
  9037 | D:9      | Found a runed translucent gate.
  9037 | D:9      | Found a runed translucent gate.
  9171 | D:9      | Noticed tv1990's ghost (novice FoMo)
  9176 | D:9      | Noticed a brown ugly thing
  9903 | D:10     | Reached XP level 11. HP: 71/73 MP: 13/16
  9914 | D:10     | Reached skill level 5 in Armour
  9914 | D:10     | Reached skill level 5 in Shields
 10017 | D:10     | Reached ***** piety under Okawaru
 10446 | D:9      | Reached skill level 11 in Fighting
 10523 | D:9      | Killed a brown ugly thing
 10546 | D:9      | Killed tv1990's ghost
 10877 | Lair:1   | Entered Level 1 of the Lair of Beasts
 10877 | Lair:1   | Noticed Gastronok
 11076 | D:9      | Killed Gastronok
 11076 | D:9      | Received a gift from Okawaru
 11080 | D:9      | Got a steaming scale mail {god gift}
 11096 | D:9      | Identified the +4 scale mail of a treasure trove {+Inv
                  | Slay+3 SInv} (Okawaru gifted it to you on level 9 of the
                  | Dungeon)
 11593 | Lair:1   | Reached XP level 12. HP: 80/80 MP: 17/17
 13348 | Lair:3   | Reached skill level 12 in Fighting
 13667 | Lair:3   | Found a hole to the Spider Nest.
 14157 | Lair:4   | Received a gift from Okawaru
 14227 | Lair:4   | Reached XP level 13. HP: 69/87 MP: 18/18
 14350 | Lair:4   | Reached skill level 1 in Dodging
 14411 | Lair:4   | Found a staircase to the Shoals.
 14955 | Lair:5   | Found a runed translucent gate.
 14955 | Lair:5   | Found a runed translucent gate.
 14955 | Lair:5   | Found a runed translucent gate.
 15165 | Lair:5   | Found a runed translucent door.
 15169 | Lair:5   | Found a viscous altar of Jiyva.
 15261 | Lair:5   | Found a staircase to the Slime Pits.
 15321 | Lair:5   | Noticed Ribudoz's ghost (journeyman GnFi)
 15385 | Lair:5   | Received a gift from Okawaru
 15395 | Lair:5   | Reached skill level 1 in Evocations
 15781 | Lair:5   | Killed Ribudoz's ghost
 16088 | Lair:5   | Got the ring "Xeitoawn" {Fire}
 16128 | Lair:6   | Entered Level 6 of the Lair of Beasts
 16641 | Lair:6   | Reached skill level 13 in Fighting
 16722 | Lair:6   | Received a gift from Okawaru
 16792 | Lair:6   | Reached ****** piety under Okawaru
 17172 | Lair:6   | Gained mutation: Your large and strong wings let you fly
                  | indefinitely. [Gargoyle growth]
 17172 | Lair:6   | Reached XP level 14. HP: 94/94 MP: 19/19
 17237 | Lair:6   | Reached skill level 10 in Shields
 17241 | Lair:6   | Reached skill level 10 in Armour
 17257 | Lair:6   | Received a gift from Okawaru
 17399 | Lair:6   | Got a warped diamond amulet
 17401 | Lair:6   | Identified the amulet "Moefaipt" {Reflect Fragile +Inv rN++
                  | SH+3 Stlth+} (You found it on level 6 of the Lair of
                  | Beasts)
 18165 | D:11     | Found a staircase to the Orcish Mines.
 18395 | D:11     | Reached skill level 5 in Evocations
 18495 | D:11     | Reached skill level 5 in Dodging
 19390 | D:12     | Noticed Erolcha
 19405 | D:12     | Killed Erolcha
 19405 | D:12     | Reached skill level 1 in Throwing
 20046 | D:12     | Received a gift from Okawaru
 20049 | D:12     | Identified the +2 eveningstar "Eheyna Varin" {vamp, MR+
                  | Str+4 Int+5} (Okawaru gifted it to you on level 12 of the
                  | Dungeon)
 20147 | D:13     | Reached skill level 14 in Fighting
 20417 | D:13     | Found a gate to the Vaults.
 20417 | D:13     | Noticed an ironheart preserver
 20431 | D:13     | Killed an ironheart preserver
 20764 | D:13     | Reached XP level 15. HP: 84/100 MP: 20/20
 20916 | D:14     | Received a gift from Okawaru
 21086 | D:14     | Received a gift from Okawaru
 21138 | D:14     | Identified the +0 pair of gloves "Vanta" {rN+ Str-4 Dex+4
                  | Slay+3} (Okawaru gifted it to you on level 14 of the
                  | Dungeon)
 21158 | D:14     | Found Ymoarr's Antique Armour Shoppe.
 21176 | D:14     | Found a blossoming altar of Fedhas.
 21981 | D:15     | Entered Level 15 of the Dungeon
 22234 | D:15     | Found a staircase to the Depths.
 22786 | D:15     | Found Mef Ippesh's Elemental Accessories.
 23346 | D:15     | Reached skill level 5 in Throwing
 23518 | D:15     | Found a white marble altar of Elyvilon.
 23759 | Orc:1    | Entered Level 1 of the Orcish Mines
 23869 | Orc:2    | Entered Level 2 of the Orcish Mines
 23895 | Orc:2    | Reached skill level 15 in Fighting
 23929 | Orc:1    | Received a gift from Okawaru
 24093 | Orc:2    | Found Taco's Magic Scroll Shoppe.
 24093 | Orc:2    | Found Vaduwath's Weapon Shop.
 24097 | Orc:2    | Found Sidghidun's Jewellery Boutique.
 24098 | Orc:2    | Found Asmef's Weapon Emporium.
 24107 | Orc:2    | Bought a scroll of teleportation for 42 gold pieces
 24107 | Orc:2    | Bought a scroll of teleportation for 42 gold pieces
 24226 | Orc:2    | Found a staircase to the Elven Halls.
 24721 | Orc:1    | Noticed Josephine
 24750 | Orc:1    | Killed Josephine
 24766 | Orc:1    | Found a radiant altar of Vehumet.
 24959 | Orc:1    | Received a gift from Okawaru
 25076 | Orc:2    | Bought the ring of the Circus Animal {+Blink rN+ MR+} for
                  | 475 gold pieces
 25209 | Spider:1 | Entered Level 1 of the Spider Nest
 25353 | Spider:1 | Reached XP level 16. HP: 95/108 MP: 21/21
 25429 | Spider:1 | You are sucked into a shaft!
 25505 | Spider:2 | Received a gift from Okawaru
 25513 | Spider:2 | Identified the +1 ring mail of Mid Zie {Str+3 Dex+6}
                  | (Okawaru gifted it to you on level 2 of the Spider Nest)
 26180 | Spider:1 | Identified a scroll of acquirement
 27817 | Spider:4 | Entered Level 4 of the Spider Nest
 28019 | Spider:4 | Received a gift from Okawaru
 28019 | Spider:4 | Reached skill level 16 in Fighting
 28129 | Spider:4 | Received a gift from Okawaru
 28946 | Spider:4 | Reached XP level 17. HP: 80/115 MP: 19/22
 29522 | Spider:4 | Got a gossamer rune of Zot
 29740 | Shoals:1 | Entered Level 1 of the Shoals
 29752 | Shoals:1 | Received a gift from Okawaru
 29944 | Shoals:1 | Received a gift from Okawaru
 30186 | Shoals:1 | Received a gift from Okawaru
 30191 | Shoals:1 | Got a pair of slimy boots {god gift}
 30202 | Shoals:1 | Identified the +1 pair of boots of Gluttony {rC+ Int+3}
                  | (Okawaru gifted it to you on level 1 of the Shoals)
 30613 | Shoals:1 | Reached skill level 10 in Dodging
 30817 | Shoals:2 | Noticed Polyphemus
 30850 | Shoals:2 | Killed Polyphemus
 31151 | Shoals:2 | Reached skill level 17 in Fighting
 31991 | Shoals:3 | Reached skill level 15 in Shields
 32333 | Shoals:3 | Reached XP level 18. HP: 124/124 MP: 23/23
 32392 | Shoals:3 | Found a runed translucent door.
 32393 | Shoals:3 | Found a shimmering altar of Xom.
 32393 | Shoals:3 | Noticed asdu's ghost (adept OgTm)
 32722 | Shoals:3 | Reached skill level 10 in Throwing
 32941 | Shoals:3 | Killed asdu's ghost
 32941 | Shoals:3 | Received a gift from Okawaru
 32946 | Shoals:3 | Got a slimy jade ring
 32953 | Shoals:3 | Identified the ring of Faffeang {+Fly rN+ MP+9 Slay+2} (You
                  | found it on level 3 of the Shoals)
 32968 | Shoals:4 | Entered Level 4 of the Shoals
 33101 | Shoals:4 | Noticed Ilsuiw
 33294 | Shoals:4 | Killed Ilsuiw
 33943 | Shoals:4 | Received a gift from Okawaru
 34036 | Shoals:4 | Got a barnacled rune of Zot
 34261 | Shoals:4 | Reached skill level 18 in Fighting
 35344 | Vaults:1 | Entered Level 1 of the Vaults
 36134 | Vaults:1 | Received a gift from Okawaru
 36265 | Vaults:1 | Reached XP level 19. HP: 116/132 MP: 24/24
 36368 | Vaults:1 | Reached skill level 19 in Fighting
 36884 | Vaults:1 | Found Buptogosk's Armour Boutique.
 37738 | Vaults:2 | Noticed Frederick
 37755 | Vaults:2 | Killed Frederick
 37755 | Vaults:2 | Received a gift from Okawaru
 37758 | Vaults:2 | Identified the +9 scale mail "Seiq" {rCorr Str-3 Int+2
                  | Dex+10} (Okawaru gifted it to you on level 2 of the Vaults)
 38194 | Vaults:2 | Identified the +1 scale mail "Kydiacsi" {rPois Dex+3} (You
                  | found it on level 2 of the Vaults)
 38258 | Vaults:2 | Noticed Saint Roka
 38276 | Vaults:2 | Reached skill level 15 in Armour
 38594 | Vaults:2 | Killed Saint Roka
 38594 | Vaults:2 | Reached skill level 20 in Fighting
 38961 | Vaults:2 | You are sucked into a shaft for 2 floors!
 39114 | Vaults:4 | Received a gift from Okawaru
 39175 | Vaults:4 | Reached XP level 20. HP: 141/141 MP: 25/25
 39178 | Vaults:4 | Received a gift from Okawaru
 39227 | Vaults:4 | Received a gift from Okawaru
 39562 | Vaults:4 | Received a gift from Okawaru
 39582 | Vaults:4 | Noticed a Tzitzimitl
 39587 | Vaults:4 | Noticed a Tzitzimitl
 40107 | Vaults:3 | Found Lotuesoa's Assorted Antiques.
 40176 | Vaults:2 | Noticed Asterion
 40195 | Vaults:2 | Killed Asterion
 40318 | Vaults:2 | Found a staircase to the Crypt.
 40325 | Vaults:2 | Received a gift from Okawaru
 40447 | Vaults:2 | Reached skill level 21 in Fighting
 40960 | Vaults:3 | Received a gift from Okawaru
 41582 | Vaults:3 | Reached XP level 21. HP: 148/148 MP: 26/26
 41606 | Vaults:3 | Received a gift from Okawaru
 42207 | Vaults:3 | Learned a level 5 spell: Lee's Rapid Deconstruction
 42322 | Vaults:3 | Reached skill level 1 in Earth Magic
 43313 | Vaults:4 | Found Goacvoar's Antique Weapon Boutique.
 43867 | Vaults:4 | Received a gift from Okawaru
 43919 | Vaults:4 | Received a gift from Okawaru
 43919 | Vaults:4 | Reached skill level 5 in Earth Magic
 44459 | Slime:1  | Entered Level 1 of the Pits of Slime
 44654 | Slime:2  | Received a gift from Okawaru
 44712 | Slime:3  | Gained mutation: Your body sometimes deteriorates upon
                  | taking damage. [a shining eye]
 44729 | Slime:3  | Gained mutation: You have large cloven feet. [a shining
                  | eye]
 44730 | Slime:3  | Gained mutation: You are frail. (-10% HP) [a shining eye]
 45137 | Slime:4  | Gained mutation: You occasionally shout uncontrollably at
                  | your foes. [a shining eye]
 45162 | Slime:4  | Gained mutation: Your body often deteriorates upon taking
                  | damage. [a shining eye]
 45244 | Slime:5  | Entered Level 5 of the Pits of Slime
 45267 | Slime:4  | Reached XP level 22. HP: 135/140 MP: 27/27
 45280 | Slime:5  | Gained mutation: Your muscles are strong. (Str +2) [a
                  | shining eye]
 45287 | Slime:5  | Gained mutation: Armour fits poorly on your strangely
                  | shaped body. [a shining eye]
 45291 | Slime:5  | Reached skill level 22 in Fighting
 45466 | Slime:4  | Lost mutation: You have large cloven feet. [potion of
                  | mutation]
 45466 | Slime:4  | Lost mutation: Armour fits poorly on your strangely shaped
                  | body. [potion of mutation]
 45466 | Slime:4  | Lost mutation: You are frail. (-10% HP) [potion of
                  | mutation]
 45466 | Slime:4  | Lost mutation: Your body often deteriorates upon taking
                  | damage. [potion of mutation]
 45466 | Slime:4  | Gained mutation: You have an increased reservoir of magic.
                  | (+10% MP) [potion of mutation]
 45466 | Slime:4  | Gained mutation: You evolve. [potion of mutation]
 45466 | Slime:4  | Gained mutation: You have a somewhat thin skeletal
                  | structure. (Dex +2, Stealth) [potion of mutation]
 45612 | Slime:5  | Received a gift from Okawaru
 45881 | Slime:5  | Noticed the Royal Jelly
 45965 | Slime:5  | Killed the Royal Jelly
 46327 | Slime:4  | Gained mutation: Armour fits poorly on your strangely
                  | shaped body. [a shining eye]
 46516 | Slime:5  | Gained mutation: Your flesh is heat resistant. (rF+)
                  | [evolution]
 46611 | Slime:5  | Paralysed by a floating eye for 3 turns
 47258 | Slime:5  | Got a slimy rune of Zot
 47260 | Slime:5  | Identified the cursed +1 plate armour of Rujuc {rElec rC-
                  | MP+9 Slay+3} (You found it on level 5 of the Pits of Slime)
 47367 | Slime:5  | Identified the +1 cloak of Cucho {*Drain rElec rN+++
                  | Regen+} (You found it on level 5 of the Pits of Slime)
 47722 | Depths:1 | Entered Level 1 of the Depths
 47786 | Depths:1 | Received a gift from Okawaru
 47847 | Depths:1 | Received a gift from Okawaru
 47911 | Depths:1 | Found Izoskuawu's Jewellery Emporium.
 48134 | Depths:1 | Found a gateway to Hell.
 48415 | Depths:1 | Noticed Sojobo
 48832 | Depths:1 | Killed Sojobo
 49407 | Depths:2 | Reached skill level 10 in Earth Magic
 49470 | Depths:2 | Reached XP level 23. HP: 160/164 MP: 28/31
 50327 | Depths:2 | Identified the cursed +1 plate armour of a Billion Cities
                  | {rElec rCorr Stlth+}
 50390 | Depths:2 | Received a gift from Okawaru
 50761 | Depths:2 | Reached skill level 23 in Fighting
 50894 | Depths:2 | Received a gift from Okawaru
 51076 | Depths:2 | Noticed a caustic shrike
 51106 | Depths:2 | Found a runed translucent door.
 51264 | Depths:2 | Received a gift from Okawaru
 51317 | Depths:2 | Noticed a caustic shrike
 51330 | Depths:2 | Killed a caustic shrike
 51365 | Depths:2 | Killed a caustic shrike
 51600 | Depths:2 | Identified the +6 short sword "Tecwel Utor" {flame, rElec}
 51647 | Depths:2 | Identified the +8 long sword of Tesak {antimagic, *Noise
                  | rN+ MR+ Int+3}
 52207 | Depths:2 | Reached XP level 24. HP: 171/172 MP: 29/31
 52249 | Depths:3 | Reached skill level 1 in Spellcasting
 52510 | Depths:3 | Found a one-way gate leading to the halls of Pandemonium.
 52577 | Depths:3 | Received a gift from Okawaru
 52674 | Depths:3 | Identified the +1 pair of gloves of the Endless Expanse
                  | {*Slow rF- rC++ Str+8} (You acquired it on level 3 of the
                  | Depths)
 53076 | Depths:3 | Gained mutation: You are agile. (Dex +2) [evolution]
 53298 | Depths:3 | Identified the +9 morningstar of Foolhardiness {drain, MR+}
                  | (You found it on level 3 of the Depths)
 53317 | Depths:4 | Noticed Xtahua
 53342 | Depths:3 | Killed Xtahua
 53362 | Depths:4 | Reached skill level 15 in Dodging
 53518 | Depths:4 | Noticed a juggernaut
 53876 | Depths:4 | Found a gateway to a ziggurat.
 53876 | Depths:4 | Paralysed by a floating eye for 2 turns
 54318 | Depths:4 | Identified the Guide on Glacial Curses
 54368 | Depths:4 | Reached skill level 5 in Spellcasting
 54409 | Depths:4 | Received a gift from Okawaru
 54409 | Depths:4 | Reached skill level 24 in Fighting
 54496 | Depths:4 | Found a one-way gate to the infinite horrors of the Abyss.
 54518 | Depths:4 | You are sucked into a shaft!
 54518 | Depths:5 | Entered Level 5 of the Depths
 55137 | Depths:5 | Found a gate to the Realm of Zot.
 55161 | Depths:5 | Reached XP level 25. HP: 176/179 MP: 36/36
 55357 | Depths:5 | Received a gift from Okawaru
 55533 | Depths:5 | Received a gift from Okawaru
 56619 | Elf:1    | Entered Level 1 of the Elven Halls
 56710 | Elf:1    | Received a gift from Okawaru
 57079 | Elf:1    | Found Hiutusix's Jewellery Emporium.
 57079 | Elf:1    | Found Cethofuj's Gadget Shop.
 57080 | Elf:1    | Found Bipoqink's Gadget Shop.
 57087 | Elf:1    | Bought a wand of clouds (4) for 432 gold pieces
 57226 | Elf:1    | Found a runed translucent gate.
 57226 | Elf:1    | Found a runed translucent gate.
 57226 | Elf:1    | Found a runed translucent gate.
 57226 | Elf:1    | Found a runed translucent gate.
 57226 | Elf:1    | Found a runed translucent gate.
 57228 | Elf:1    | Found a runed translucent gate.
 58147 | Zot:1    | Entered Level 1 of the Realm of Zot
 58211 | Depths:5 | Reached skill level 25 in Fighting
 59082 | Zot:4    | Learned a level 2 spell: Passwall
 59111 | Zot:5    | Entered Level 5 of the Realm of Zot
 59194 | Zot:5    | Received a gift from Okawaru
 59296 | Zot:4    | Reached XP level 26. HP: 100/188 MP: 38/38
 59298 | Zot:4    | Received a gift from Okawaru
 59878 | Zot:5    | Noticed an orb of fire
 59894 | Zot:5    | Gained mutation: You are occasionally teleported next to
                  | monsters. [an orb of fire]
 59907 | Zot:5    | Lost mutation: Your muscles are strong. (Str +2) [an orb of
                  | fire]
 59910 | Zot:5    | Gained mutation: You tend to lose your temper in combat.
                  | [an orb of fire]
 59912 | Zot:5    | Killed an orb of fire
 59912 | Zot:5    | Received a gift from Okawaru
 59916 | Zot:5    | Lost mutation: You tend to lose your temper in combat.
                  | [potion of mutation]
 59916 | Zot:5    | Lost mutation: Your body sometimes deteriorates upon taking
                  | damage. [potion of mutation]
 59916 | Zot:5    | Gained mutation: You have a considerably increased
                  | reservoir of magic. (+20% MP) [potion of mutation]
 59917 | Zot:5    | Lost mutation: You are agile. (Dex +2) [potion of mutation]
 59917 | Zot:5    | Lost mutation: You are occasionally teleported next to
                  | monsters. [potion of mutation]
 59917 | Zot:5    | Lost mutation: Armour fits poorly on your strangely shaped
                  | body. [potion of mutation]
 59917 | Zot:5    | Gained mutation: You sometimes yell uncontrollably at your
                  | foes. [potion of mutation]
 59917 | Zot:5    | Gained mutation: You can translocate small distances at
                  | will. [potion of mutation]
 60222 | Zot:5    | Received a gift from Okawaru
 60267 | Zot:5    | Noticed an ancient lich
 60273 | Zot:5    | Noticed an orb of fire
 60276 | Zot:5    | Noticed an orb of fire
 60278 | Zot:5    | Noticed an orb of fire
 60282 | Zot:5    | Noticed an orb of fire
 60282 | Zot:5    | Noticed an orb of fire
 60284 | Zot:5    | Noticed a Killer Klown
 60285 | Zot:5    | Noticed an orb of fire
 60287 | Zot:5    | Noticed an orb of fire
 60289 | Zot:5    | Noticed an orb of fire
 60294 | Zot:5    | Killed an ancient lich
 60294 | Zot:5    | Reached skill level 26 in Fighting
 60295 | Zot:5    | Gained mutation: Armour fits poorly on your strangely
                  | shaped body. [an orb of fire]
 60296 | Zot:5    | Gained mutation: You are dopey. (Int -2) [an orb of fire]
 60296 | Zot:5    | Gained mutation: You tend to lose your temper in combat.
                  | [an orb of fire]
 60300 | Zot:5    | Gained mutation: You do not regenerate when monsters are
                  | visible. [an orb of fire]
 60329 | Zot:5    | Gained mutation: You are frail. (-10% HP) [an orb of fire]
 60366 | Zot:5    | Received a gift from Okawaru
 60390 | Zot:5    | Noticed a Killer Klown
 60397 | Zot:5    | Noticed an orb of fire
 60402 | Zot:5    | Noticed a Killer Klown
 60406 | Zot:5    | Gained mutation: You are weak. (Str -2) [an orb of fire]
 60408 | Zot:5    | Gained mutation: You are clumsy. (Dex -2) [an orb of fire]
 60417 | Zot:5    | Killed an orb of fire
 60423 | Zot:5    | Killed a Killer Klown
 60484 | Zot:5    | Killed a Killer Klown
 60484 | Zot:5    | Received a gift from Okawaru
 60521 | Zot:5    | Lost mutation: Your flesh is heat resistant. (rF+) [potion
                  | of mutation]
 60521 | Zot:5    | Lost mutation: You can translocate small distances at will.
                  | [potion of mutation]
 60521 | Zot:5    | Lost mutation: You sometimes yell uncontrollably at your
                  | foes. [potion of mutation]
 60521 | Zot:5    | Lost mutation: You do not regenerate when monsters are
                  | visible. [potion of mutation]
 60521 | Zot:5    | Lost mutation: You are dopey. (Int -2) [potion of mutation]
 60521 | Zot:5    | Gained mutation: You have sharp toenails. [potion of
                  | mutation]
 60522 | Zot:5    | Lost mutation: You tend to lose your temper in combat.
                  | [potion of mutation]
 60522 | Zot:5    | Lost mutation: Armour fits poorly on your strangely shaped
                  | body. [potion of mutation]
 60522 | Zot:5    | Lost mutation: You are clumsy. (Dex -2) [potion of
                  | mutation]
 60522 | Zot:5    | Lost mutation: You are frail. (-10% HP) [potion of
                  | mutation]
 60522 | Zot:5    | Gained mutation: You are agile. (Dex +2) [potion of
                  | mutation]
 60585 | Zot:5    | Got the Orb of Zot
 60586 | Zot:5    | Lost mutation: You are agile. (Dex +2) [an orb of fire]
 60587 | Zot:5    | Gained mutation: You sometimes yell uncontrollably at your
                  | foes. [an orb of fire]
 60591 | Zot:5    | Gained mutation: You are frail. (-10% HP) [an orb of fire]
 60591 | Zot:5    | Gained mutation: You tend to lose your temper in combat.
                  | [an orb of fire]
 60600 | Zot:5    | Noticed Meecux the pandemonium lord
 60600 | Zot:5    | Gained mutation: Your body sometimes deteriorates upon
                  | taking damage. [an orb of fire]
 60602 | Zot:5    | Lost mutation: You evolve. [an orb of fire]
 60691 | Zot:4    | Noticed Potic the pandemonium lord
 60694 | Zot:3    | Noticed Uneq the pandemonium lord
 60733 | Zot:2    | Mangled by Uneq the pandemonium lord

Skill      XL: |  1  2  3  4  5  6  7  8  9 10 11 12 13 14 15 16 17 18 19 20 21 22 23 24 25 26 |
---------------+-------------------------------------------------------------------------------+-----
Fighting       | 4 5 6 7 8 9 10 11 12 13 14 15 16 17 18 20 21 22 23 24 25 26 | 26.3
Maces & Flails | 3 4 5 6 7 9 10 12 13 14 | 14.5
Invocations    | 1 4 6 7 |  7.0
Shields        | 4 6 8 9 11 12 13 15 16 17 18 19 21 22 | 22.4
Armour         | 4 6 8 9 10 13 15 | 15.0
Dodging        | 3 6 7 9 10 11 12 13 14 15 | 15.0
Evocations     | 3 5 |  5.0
Throwing       | 2 6 8 9 10 11 12 | 12.0
Earth Magic    | 6 10 | 10.0
Spellcasting   | 6 8 |  8.0

Action                   |  1- 3 |  4- 6 |  7- 9 | 10-12 | 13-15 | 16-18 | 19-21 | 22-24 | 25-27 || total
-------------------------+-------+-------+-------+-------+-------+-------+-------+-------+-------++-------
Melee: Flail             |   120 |       |       |       |       |       |       |       |       ||   120
       Morningstar       |       |   246 |   518 |   722 |       |       |       |       |       ||  1486
       Demon whip        |       |       |       |    26 |  1198 |  1421 |  1725 |  2183 |  1064 ||  7617
       Eveningstar       |       |       |       |       |       |       |       |       |   156 ||   156
Throw: Tomahawk          |       |       |       |       |     5 |    79 |       |    10 |       ||    94
       Javelin           |       |       |       |       |       |     1 |     5 |     7 |     6 ||    19
 Cast: Lee's Rapid Decon |       |       |       |       |       |       |       |    18 |       ||    18
       Passwall          |       |       |       |       |       |       |       |       |     1 ||     1
Invok: Heroism           |       |       |     6 |    17 |    14 |    10 |    16 |    27 |    19 ||   109
       Finesse           |       |       |       |     2 |     1 |     1 |     3 |     7 |     4 ||    18
 Abil: Fly               |       |       |       |       |     1 |     1 |       |     3 |       ||     5
       Evoke Blink       |       |       |       |       |       |     2 |       |     4 |     6 ||    12
       Stop Flying       |       |       |       |       |       |     1 |       |     3 |       ||     4
Evoke: Wand              |       |       |       |       |     4 |     1 |     1 |     1 |     2 ||     9
  Use: Scroll            |       |     8 |    15 |     4 |    13 |     5 |     4 |     9 |     7 ||    65
       Potion            |       |       |       |     1 |     4 |     1 |       |     3 |    35 ||    44
 Stab: Petrified         |       |       |       |       |     2 |       |       |       |       ||     2
       Sleeping          |       |       |       |       |     1 |       |       |       |       ||     1
       Confused          |       |       |       |       |       |       |     2 |       |     7 ||     9
       Distracted        |       |       |       |       |       |       |       |       |     1 ||     1
  Eat: Chunk             |     1 |     8 |    11 |    17 |    36 |    36 |    26 |    23 |     6 ||   164
       Ration            |       |       |     1 |     2 |       |       |     2 |     4 |     8 ||    17
Armor: Scale mail        |    55 |    99 |       |    83 |   278 |   389 |   286 |   393 |   177 ||  1760
       Plate armour      |       |    52 |   237 |    84 |       |       |       |       |       ||   373
       Chain mail        |       |       |       |   124 |       |       |       |       |       ||   124
Dodge: Dodged            |    39 |    56 |    57 |   156 |   214 |   412 |   469 |   646 |   365 ||  2414
Block: Shield            |    67 |   124 |   246 |   471 |   645 |   871 |   527 |       |       ||  2951
       Reflection        |       |       |     4 |     2 |   101 |    60 |    61 |    64 |    19 ||   311
       Large shield      |       |       |       |       |       |       |   521 |  1934 |  1025 ||  3480
